 Dungeon Sprint DCSS version 0.31-a0-844-gdc52ec4e09 (webtiles) character file.

Game seed: 6250021347159344313

58 sircluck the Ruffian (level 3, -1/60 HPs)
             Began as a Troll Berserker on Sept 29, 2023.
             Was a Follower of Trog.
             Slain by a flying skull (7 damage)
             ... in the Dungeon (Sprint VII: "The Pits").
             The game lasted 00:00:07 (26 turns).

sircluck the Ruffian (Troll Berserker)                Turns: 26, Time: 00:00:08

Health: -1/60      AC:  4    Str: 27    XL:     3   Next: 76%
Magic:  2/2        EV: 10    Int:  3    God:    Trog [*.....]
Gold:   0          SH:  0    Dex:  9    Spells: 2/2 levels left

rFire   . .          .
                       - Unarmed
rCold   . . .        (no shield)
rNeg    . . .        a - +0 animal skin
rPois   .            (helmet restricted)
rElec   .            (no cloak)
rCorr   .            (gloves unavailable)
SInv    .            (boots unavailable)
Will    .....        (no amulet) Stlth
                     (no ring)
HPRegen 1.10/turn    (no ring)
MPRegen 0.08/turn

%: no teleportation
@: berserking, spiked, very quick
A: large, unfitting armour, claws 3, regeneration 1, shaggy fur 1, tough skin 1
a: Renounce Religion, Berserk


You were in the Dungeon.
You worshipped Trog.
Trog was aware of your devotion.
You visited 1 branch

Inventory:

Armour
 a - a +0 animal skin (worn)
Scrolls
 g - a scroll of blinking
Potions
 b - a potion of curing
 c - a potion of heal wounds
 d - a potion of haste
 e - 2 potions of magic
 f - a potion of berserk rage


   Skills:
 + Level 4.3 Fighting
 + Level 4.3 Dodging
 + Level 5.2 Unarmed Combat


You had 2 spell levels left.
You didn't know any spells.
Your spell library was empty.

Dungeon Overview and Level Annotations

Branches:
Dungeon (1/1)

Altars:


Innate Abilities, Weirdness & Mutations

You are too large for most types of armour.
You have claws for hands.
Your natural rate of healing is unusually fast.
You are covered in fur. (AC +1)
You have tough skin. (AC +1)


Message History

You closely miss the necrophage. You scratch the necrophage.
The necrophage is lightly damaged.
The necrophage hits you but does no damage.
You claw the necrophage!
The necrophage is severely damaged.
The flying skull closely misses you.
You barely miss the necrophage.
The necrophage is severely damaged.
The flying skull hits you!
The necrophage hits you but does no damage.
You barely miss the necrophage.
The necrophage is severely damaged.
The flying skull completely misses you. The necrophage hits you.
The red devil barely misses you.
You scratch the necrophage.
The necrophage is almost destroyed.
The flying skull hits you.
You claw the necrophage!
You destroy the necrophage!
Trog accepts your kill. The flying skull barely misses you.
The red devil hits you from afar with a +0 trident!!
Ouch! That really hurt!
* * * LOW HITPOINT WARNING * * *
Barbed spikes become lodged in your body.
Your Fighting skill gained 2 levels and is now at level 4!
Your Dodging skill gained 2 levels and is now at level 4!
Your Unarmed Combat skill gained 2 levels and is now at level 5!
You have reached level 2!
You have reached level 3!
Your experience leads to an increase in your attributes!
Increase (S)trength, (I)ntelligence, or (D)exterity?
You feel stronger. x3
Unknown command.
Unknown command.
Unknown command.
Unknown command.
You miss the flying skull. The flying skull hits you!
You die...

#................+
+................+
#......#..#......#
#................#
####'#####''######
#.......##''#####
#.......##......#
#.......##......#
#...<...###.@..##
#.......# ##†z##
#.......# ..4.#
#.......# ......#
##########......+
#......# ##....##
##++##


You could see a red devil and a flying skull.

Vanquished Creatures
  A necrophage (D)
1 creature vanquished.

Notes
Turn   | Place    | Note
-------+----------+-------------------------------------------
     0 | D        | sircluck the Troll Berserker began the quest for the Orb.
     0 | D        | Reached XP level 1. HP: 22/22 MP: 0/0
    17 | D        | Noticed a necrophage
    17 | D        | Noticed a flying skull
    17 | D        | Noticed a red devil
    25 | D        | Killed a necrophage
    26 | D        | Reached skill level 5 in Unarmed Combat
    26 | D        | Reached XP level 2. HP: 4/33 MP: 1/1
    26 | D        | Reached XP level 3. HP: 5/40 MP: 2/2
    26 | D        | Slain by a flying skull

Illustrated notes

Levels and vault maps discovered:
D:        pitsprint [storerooms_1, entrance_room_1, metal_vault_2, armoury_1,
          mini_pit_1, grid_room_1, main_hall_1, silver_pit, the_coven_1,
          the_vestibule_1, steel_vault_2, golden_pit, hallway_of_sentries,
          crystal_vault_4, iron_vault_2, final_vault]

Skill      XL: |  1 |
---------------+----+-----
Fighting       | 4 |  4.3
Dodging        | 4 |  4.3
Unarmed Combat | 5 |  5.2

Action                     || total
---------------------------++-------
  Melee: Unarmed           ||     8
 Invoke: Berserk           ||     1
 Armour: Animal skin       ||     7
  Dodge: Dodged            ||     4

Table legend: (Time is in decaauts)
 A = Elapsed time spent in this place.
 B = Non-inter-level travel time spent in this place.
 C = Inter-level travel time spent in this place.
 D = Time resting spent in this place.
 E = Time spent auto-exploring this place.
 F = Levels seen in this place.
 G = Mean time per level.
                   A        B        C        D        E       F      G
               +--------+--------+--------+--------+--------+-----+--------+
         Total |     23 |     23 |      0 |      0 |     17 |   1 |   23.0 |
       Dungeon |     23 |     23 |      0 |      0 |     17 |   1 |   23.0 |
               +--------+--------+--------+--------+--------+-----+--------+

Top non-repeatable levels by time:
       D: 23 daAuts
